 Dungeon Crawl Stone Soup version bcrawl-1.14 (webtiles) character file.

Game seed: 2092731745715596041

352 Revguard the Poker (level 6, 0/45 HPs)
             Began as a Barachi Archaeologist on Sept 9, 2019.
             Splashed by an oklob plant's acid (10 damage)
             ... on level 3 of the Dungeon.
             The game lasted 00:10:21 (2692 turns).

Revguard the Poker (Barachi Archaeologist)          Turns: 2692, Time: 00:10:21

Health: 0/45       AC:  5    Str: 12    XL:     6   Next: 61%
Magic:  6/6        EV: 10    Int: 15    God:
Gold:   224        SH:  0    Dex: 12    Spells: 5/5 levels left

rFire    . . .     SeeInvis .   f - +8 trident of the Octopus King {venom, rElec rPois MR+}
rCold    . . .     Gourm    .   (no shield)
rNeg     . . .     Faith    .   h - +0 scale mail
rPois    +         Spirit   .   c - +1 hat
rElec    +         Reflect  .   (no cloak)
rCorr    .         Harm     .   (no gloves)
MR       +....                  d - +1 pair of boots
Stlth    +.........             (no amulet)
HPRegen  0.15/turn              (no ring)
MPRegen  0.10/turn              (no ring)

@: corroded, slow
A: +LOS, swims, slowness 1, strong legs 1
a: Hop


You were on level 3 of the Dungeon.
You were hungry.

You visited 1 branch of the dungeon, and saw 3 of its levels.

You collected 224 gold pieces.

Inventory:

Hand Weapons
 a - a +0 whip
 f - the +8 trident of the Octopus King (weapon) {venom, rElec rPois MR+}

   It poisons the flesh of those it strikes.
   It insulates you from electricity.
   It protects you from poison.
   It affects your resistance to hostile enchantments.
 j - a +0 mace
 l - a +0 scythe
Armour
 c - a +1 hat (worn)
 d - a +1 pair of boots (worn)
 h - a +0 scale mail (worn)
Scrolls
 e - a scroll of magic mapping {unknown}
 i - 2 scrolls of remove curse
 n - 3 scrolls of identify
 o - a scroll of amnesia {unknown}
Potions
 b - a potion of brilliance
 m - a potion of flight
 p - a potion of magic
Comestibles
 g - 4 rations {!d}
 k - 4 chunks of flesh


   Skills:
 + Level 2.3 Fighting
 - Level 1.4 Maces & Flails
 * Level 7.1 Polearms
 * Level 2.7 Armour
 + Level 4.1 Dodging
 - Level 3.0 Stealth


You had 5 spell levels left.
You didn't know any spells.
Your spell library was empty.

Dungeon Overview and Level Annotations

Branches:
Dungeon (3/12)

Altars:
Fedhas
Gozag
Okawaru
Sif Muna

Annotations:
D:3 2 transporters, exclusion: oklob plant


Innate Abilities, Weirdness & Mutations

Shadows flee at your approach. (+LOS)
You can swim through water.
You cover ground slowly.
You can hop short distances.


Message History

Attack whom?
Press: ? - help, Dir - move target cursor, f/p - plant
Aim: a plant (severely damaged, poisoned)
You reach to attack!
You puncture the plant!
The plant is almost destroyed.
Attack whom?
Press: ? - help, Dir - move target cursor, f/p - plant
Aim: a plant (almost destroyed, poisoned)
You reach to attack!
You hit the plant.
You destroy the plant!
Attack whom?
Press: ? - help, Dir - move target cursor, f - you
Okay, then.
The oklob plant spits acid at you. The splash of acid hits you!
You are splashed with acid!
The oklob plant spits acid at you. The splash of acid hits you!
* * * LOW HITPOINT WARNING * * *
The acid corrodes you!
You are splashed with acid!
You die... #..........>...'^.......+ #.. #......÷...#####........# #.. #..........# ##...##### #.. #..........# #...# ### #..........# #...# #..........# #...# ##################### PPP##PPPP.PPPP.♣PP# P. #P.♣...@.....%PPP# #PPP.♣PP♣.♣#PPPP....♣P# #PPPP#♣PP.#P♣♣PPPPP..P#

#PP.PPP.......PPPP♣.##.#.###
#.♣P#♣P..≈≈.≈≈..PPPPP##......
#PPP..≈≈≈.≈≈≈...P.P####.###
#.PP..≈≈≈≈.≈≈≈≈...##P# #.#.<
#P♣P#.≈≈≈≈≈.≈≈≈≈≈.PPPP# #.#..
# ♣♣P.≈≈≈≈...≈≈≈≈.#P♣.# #.#..


You could see an oklob plant.

Vanquished Creatures
  Sigmund (D:2)
  A bullfrog (D:3)
  A crimson imp (D:2)
  An adder (D:3)
  2 oozes (D:2)
  4 dart slugs
  2 leopard geckos (D:1)
  7 orcs (D:3)
  2 ball pythons (D:1)
  A giant cockroach (D:2)
  4 goblins
  13 hobgoblins
  3 kobolds
  A quokka (D:2)
  4 bats
  3 frilled lizards
  5 rats
  A fungus (D:3)
  10 plants (D:3)
66 creatures vanquished.

Notes
Turn   | Place    | Note
-------+----------+-------------------------------------------
     0 | D:1      | Revguard the Barachi Archaeologist began the quest for the
                  | Orb.
     0 | D:1      | Reached XP level 1. HP: 15/15 MP: 1/1
   152 | D:1      | Reached XP level 2. HP: 19/21 MP: 2/2
   216 | D:1      | Reached skill level 1 in Armour
   502 | D:1      | Reached XP level 3. HP: 26/27 MP: 3/3
  1020 | D:2      | Reached skill level 3 in Polearms
  1020 | D:2      | Reached XP level 4. HP: 20/33 MP: 4/4
  1096 | D:2      | Noticed Sigmund
  1131 | D:2      | Killed Sigmund
  1131 | D:2      | Reached skill level 6 in Polearms
  1131 | D:2      | Reached XP level 5. HP: 22/38 MP: 5/5
  1131 | D:2      | Reached XP level 6. HP: 25/44 MP: 6/6
  1688 | D:3      | Found an opulent altar of Gozag.
  2113 | D:3      | HP: 2/44 [bullfrog (11)]
  2115 | D:3      | Reached skill level 7 in Polearms
  2414 | D:3      | Found a transporter.
  2415 | D:3      | Found a transporter.
  2415 | D:3      | Found a shimmering blue altar of Sif Muna.
  2484 | D:3      | Found an iron altar of Okawaru.
  2536 | D:3      | Found a blossoming altar of Fedhas.
  2547 | D:3      | Noticed an oklob plant
  2692 | D:3      | Splashed by an oklob plant's acid

Skill      XL: |  1  2  3  4  5  6 |
---------------+-------------------+-----
Armour         | 1 2 |  2.7
Fighting       | 2 |  2.3
Dodging        | 4 |  4.1
Polearms       | 3 6 7 |  7.1
Maces & Flails | |  1.4
Stealth        | |  3.0

Action                   |  1- 3 |  4- 6 || total
-------------------------+-------+-------++-------
Melee: Mace              |   168 |    35 ||   203
       Whip              |     6 |       ||     6
       Trident           |       |   114 ||   114
       Scythe            |       |    78 ||    78
 Abil: Hop               |       |     1 ||     1
Evoke: Wand              |       |     2 ||     2
  Use: Scroll            |     2 |     4 ||     6
       Potion            |       |     4 ||     4
  Eat: Chunk             |       |     7 ||     7
Armor: Scale mail        |   108 |    53 ||   161
Dodge: Dodged            |    94 |    71 ||   165
